 Dungeon Crawl Stone Soup version 0.16.1-18-g436b03c (webtiles) character file.

584155 angrylion the Minotaur Porcupine (level 26, -3/228 HPs)
             Began as a Minotaur Fighter on May 2, 2015.
             Was the Champion of Okawaru.
             Killed from afar by an orb of fire (31 damage)
             ... with a bolt of fire
             ... on level 5 of the Depths on May 5, 2015.
             The game lasted 14:39:45 (84233 turns).

angrylion the Minotaur Porcupine (MiFi)            Turns: 84233, Time: 14:39:45

Health: -3/228     AC: 45    Str: 30    XL:     26   Next: 2%
Magic:  32/32      EV: 10    Int:  5    God:    Okawaru [******]
Gold:   2831       SH: 20    Dex: 14    Spells: 0 memorised, 25 levels left

rFire  + + .     SeeInvis +     U - +9 demon trident (elec)
rCold  + + .     Rnd*Rage +     c - +12 gold dragon armour
rNeg   + . .     SustAb   .     X - +1 shield {rC+ rF+}
rPois  +         Gourm    .     p - +2 hat {SInv}
rElec  +         Spirit   .     Y - +0 cloak of Stoong {+Fly Regen+}
rCorr  .         Warding  +     I - +2 pair of gloves {Dex+3}
rMut   .         Stasis   .     Q - +2 pair of boots {run}
MR     +....                    f - amulet of warding
Stlth  ..........               l - +6 ring of protection
                                R - ring of Hedonism {rElec Stlth-}

@: exhausted, very slightly contaminated, hasted and slowed, quick, somewhat
resistant to hostile enchantments, extremely unstealthy
A: retaliatory headbutt, horns 2, berserk 2, deformed body, frail 1, low mp 1,
slow healing 1, weak 1, placid magic 1
a: Heroism, Finesse, Renounce Religion, Evoke Flight
}: 3/15 runes: decaying, silver, gossamer


You were on level 5 of the Depths.
You worshipped Okawaru.
Okawaru was exalted by your worship.
You were very hungry.

You visited 9 branches of the dungeon, and saw 51 of its levels.
You visited the Abyss 1 time.
You visited 1 bazaar.
You also visited: Labyrinth, Bailey, Ice Cave and Wizlab.

You collected 9395 gold pieces.
You spent 6564 gold pieces at shops.

Inventory:

Hand weapons
 U - a +9 demon trident of electrocution (weapon)
Missiles
 e - 6 javelins of returning (quivered)
 h - 14 steel tomahawks
 r - 7 throwing nets
 s - 49 tomahawks of returning
 u - 11 silver javelins
 B - 7 poisoned tomahawks
 C - 7 javelins
 J - 16 javelins of penetration
Armour
 b - a +0 hat of magic resistance
 c - a +12 gold dragon armour (worn)
 p - a +2 hat of see invisible (worn)
 I - a +2 pair of gloves of dexterity (worn)
 Q - a +2 pair of boots of running (worn)
 V - a +0 pair of boots of flying
 X - a +1 shield of resistance (worn)
 Y - the +0 cloak of Stoong (worn) {+Fly Regen+}
   (You found it on level 4 of the Vaults)

   It lets you fly.
   It increases your rate of regeneration.
Jewellery
 f - an amulet of warding (around neck)
 l - a +6 ring of protection (right hand)
 q - an uncursed ring of protection from cold
 A - a ring of the Octopus King {rF+ AC+1 EV+1 Str+1 Int+1 Dex+1}
   (You found it on level 2 of the Swamp)

   [ring of protection from fire]

   It affects your AC (+1).
   It affects your evasion (+1).
   It affects your strength (+1).
   It affects your intelligence (+1).
   It affects your dexterity (+1).
   It protects you from fire.
 H - an uncursed ring of sustain abilities
 O - an uncursed ring of protection from magic
 R - the ring of Hedonism (left hand) {rElec Stlth-}
   (You found it in a labyrinth)

   [ring of loudness]

   It insulates you from electricity.
   It makes you less stealthy.
 W - an uncursed ring of positive energy
Magical devices
 k - a wand of paralysis (6)
 v - a wand of digging (13)
 z - a wand of fire (4)
 K - a wand of fireball (3)
Scrolls
 g - 21 scrolls of teleportation
 y - 3 scrolls of silence
 G - 7 scrolls of fog
 L - 5 scrolls of blinking
 M - 14 scrolls of remove curse
 S - 5 scrolls of fear
 T - 2 scrolls of summoning
Potions
 i - 5 potions of lignification
 j - 11 potions of agility
 m - 28 potions of curing
 t - 4 potions of resistance
 w - 8 potions of might
 D - 7 potions of restore abilities
 E - a potion of cancellation
 Z - 4 potions of haste
Comestibles
 d - 18 bread rations
 o - 31 meat rations


   Skills:
 * Level 24.0 Fighting
 O Level 27 Polearms
 + Level 15.1 Throwing
 + Level 18.6 Armour
 + Level 5.8 Dodging
 + Level 4.0 Stealth
 + Level 24.6 Shields
 + Level 6.8 Unarmed Combat
 + Level 6.4 Invocations
 + Level 14.6 Evocations


You had 25 spell levels left.
You didn't know any spells.

Dungeon Overview and Level Annotations

Branches:
Dungeon (15/15)            Temple (0/1) D:6            Lair (8/8) D:10
  Swamp (5/5) Lair:6       Spider (5/5) Lair:6        Slime (0/6) Lair:7
    Orc (4/4) D:12            Elf (3/3) Orc:4        Vaults (5/5) D:13
 Depths (5/5) D:15            Zot (1/5) Depths:5
  Crypt: Vaults:2-3

Altars:
Elyvilon
Gozag
Kikubaaqudgha
Makhleb
Okawaru
Ru
Sif Muna
Trog
Vehumet
Yredelemnul
Zin
Jiyva

Shops:
D:5 [   D:12 ?   D:14 :   Orc:2 [   Orc:4 =[:(   Elf:1 (   Vaults:1 (:((!
Depths:2 !   Depths:3 (

Portals:
Hell: Depths:1 Depths:2 Depths:3 Depths:4 Depths:5
Abyss: Depths:2 Depths:3 Depths:4 Depths:5
Pandemonium: Depths:1 Depths:3 Depths:4
Ziggurat: Depths:5


Innate Abilities, Weirdness & Mutations

You reflexively headbutt those who attack you in melee.
You have a pair of horns on your head.
You often lose your temper in combat.
Armour fits poorly on your strangely shaped body.
You are frail (-10% HP).
Your magical capacity is low (-10% MP).
You heal slowly when monsters are visible.
You are weak. (Str -2)
Your spells are a little easier to cast, but a little less powerful.


Message History

You block the moth of wrath's attack.
The orb of fire emits a lurid red light.
Strange energies course through your body.
You feel less energetic.
You block the pale draconian monk's attack. x2
The pale draconian monk tail-slaps you but does no damage.
Read which item? (? for menu, Esc to quit)
As you read the scroll of summoning, it crumbles to dust.
Wisps of shadow whirl around you... The moth of wrath barely misses you.
You furiously retaliate!
You headbutt the moth of wrath!
The orb of fire glows bright magenta.
The bolt of fire hits you! You resist.
* * * LOW HITPOINT WARNING * * *
The moth of wrath bites you but does no damage.
You block the moth of wrath's attack.
Drink which item? (? for menu, Esc to quit)
You feel better.
The orb of fire glows red.
The bolt of fire hits you! You resist.
You die...

.....#.####)............##..#....
....##[#..##...........##...#'#..
###'#..#...##.........##...)'.###
....'..##...##.......##....##...#
..###...#....###...####....+....#
.(#.....##...##...TT#########...#
#(#......##'###TeT..##...# #....
..'....<.#..###q*yDT##..## #....
..###...##...###@yT###..# #..##
.)#.##'##....# ##### #..# ##.#
###..#รท.#....###### ##'## ###
#....#..####'#.##'####...#
#....#.........#.....##'####
.....'......##'##'##.......#
.....#.....##^.#...#####...#####
....###.####...#.......##..#...#
....#.###......'........####...##


You could see an orb of fire, a pale draconian monk, 2 moths of wrath, a
friendly golden dragon, 4 friendly deep trolls, a friendly deep troll earth
mage, a friendly deep troll shaman and a friendly deep elf conjurer.

Vanquished Creatures
  A caustic shrike (Depths:3)
  Saint Roka (Vaults:1)
  A golden dragon (Depths:3)
  the Enchantress (Depths:2)
  Arachne (Spider:2)
  Nikola (Swamp:2)
  A Hellbinder (WizLab)
  A hellephant (Abyss:2)
  5 tentacled monstrosities
  5 liches
  2 titans (Vaults:4)
  Asterion (Spider:5)
  2 deep elf master archers (Elf:3)
  2 deep elf blademasters (Elf:3)
  8 sphinxes
  2 thorn hunters
  Rupert (Lair:7)
  Agnes (Depths:1)
  9 shadow dragons
  5 tentacled starspawn
  Kirke (Swamp:2)
  6 tengu reavers
  4 storm dragons
  Frances (Spider:5)
  A draconian monk (Depths:5)
  Roxanne (Swamp:2)
  A daeva (Depths:2)
  A balrug (Abyss:2)
  8 frost giants
  2 orc warlords (Orc:3)
  An iron dragon (Vaults:4)
  7 fire giants
  10 deep elf sorcerers
  13 vault wardens
  A cacodemon (WizLab)
  10 emperor scorpions
  6 ghost moths
  2 reapers (WizLab)
  An angel (Depths:2)
  Jorgrun (Vaults:1)
  5 spriggan defenders
  A war gargoyle (Vaults:5)
  11 ironheart preservers
  24 stone giants
  2 green draconians (Depths:5)
  A draconian caller (Depths:5)
  10 deep elf annihilators
  7 very ugly things
  A grey draconian (Depths:5)
  7 deep elf demonologists
  2 white draconians
  2 pale draconians (Depths:5)
  7 dire elephants
  2 yellow draconians (Depths:5)
  A vampire knight (Depths:3)
  5 deep elf death magi
  10 ettins
  7 crystal guardians
  2 green deaths (WizLab)
  7 fire dragons
  2 minotaurs
  26 yaktaur captains
  2 jiangshi (Depths:1)
  8 deep elf high priests
  5 great orbs of eyes
  31 vault guards
  6 rakshasas
  Fannar (D:11)
  3 ghost crabs
  Harold (Lair:4)
  22 hydras
  10 large abominations
  11 ice dragons
  10 centaur warriors
  7 deep troll earth magi
  17 ogre magi
  3 spriggan air magi
  6 catoblepae
  16 dancing weapons
  4 tengu warriors
  5 alligators
  5 deep troll shamans
  34 death yaks
  2 soul eaters
  7 spriggan berserkers
  2 hell hogs (Abyss:1)
  A hellephant zombie (Abyss:2)
  3 thrashing horrors (Abyss:2)
  A vampire mage (Depths:1)
  7 orc high priests
  3 fire crabs
  2 hell knights (Depths:5)
  2 sun demons
  A storm dragon zombie (Vaults:1)
  A titan skeleton (Vaults:5)
  The ghost of Scuka the Basher, an experienced GrFi of the Shining One (D:11)
  3 wretched stars
  26 deep elf knights
  A skeletal warrior (D:12)
  13 deep trolls
  3 iron trolls
  A hell beast (WizLab)
  2 unseen horrors
  3 giant orange brains
  3 spriggan druids
  4 flayed ghosts
  3 ice devils
  15 ironbrand convokers
  6 wizards
  A golden dragon skeleton (Depths:1)
  3 shambling mangroves
  12 hill giants
  An ice statue (IceCv)
  3 harpies (Vaults:1)
  A sea snake (shapeshifter) (Vaults:1)
  9 necromancers
  A shadow dragon zombie (Vaults:4)
  10 swamp dragons
  12 deep elf summoners
  An obsidian statue (Vaults:3)
  Pikel (D:9)
  6 starcursed masses (Abyss:2)
  A harpy (shapeshifter) (Vaults:4)
  23 orb spiders
  17 orc knights
  A wolf spider zombie (D:12)
  18 deep elf conjurers
  A shining eye (shapeshifter) (Vaults:5)
  11 hornets
  6 phantasmal warriors
  A hornet (shapeshifter) (Elf:2)
  4 orc sorcerers
  The ghost of Scuka the Transmogrifier, an experienced MfTm of Makhleb (D:6)
  28 wolf spiders
  5 griffons
  A shadow dragon skeleton (Vaults:5)
  3 cyclopes
  A tengu skeleton (Vaults:5)
  A sixfirhy (Elf:3)
  A water nymph (shapeshifter) (Depths:3)
  40 ugly things
  A salamander (shapeshifter) (D:14)
  5 manticores
  3 smoke demons (Abyss:2)
  A centaur zombie (D:10)
  23 spiny frogs
  A worldbinder (Abyss:2)
  4 elephants
  5 moths of wrath
  7 black mambas
  A naga mage (Abyss:2)
  19 vault sentinels
  2 orange demons
  A fire giant skeleton (Vaults:5)
  A stone giant skeleton (Vaults:5)
  2 gargoyles
  2 guardian serpents (Abyss:2)
  A black mamba (shapeshifter) (Depths:2)
  A rust devil (WizLab)
  5 torpor snails
  A yaktaur (shapeshifter) (Depths:3)
  A yaktaur zombie (Vaults:5)
  6 kobold demonologists
  A tormentor (Depths:3)
  3 hellions (WizLab)
  11 komodo dragons
  7 demonic crawlers
  2 tengu conjurers (Depths:1)
  A jumping spider (shapeshifter) (D:15)
  4 ancient zymes
  A redback zombie (Vaults:1)
  3 red devils
  2 yaktaur skeletons
  24 polar bears
  A troll (shapeshifter) (Vaults:1)
  A catoblepas skeleton (Depths:1)
  84 yaktaurs
  2 freezing wraiths
  9 deep elf priests
  A merfolk (D:10)
  2 blue devils
  12 trolls
  Sonja (Elf:1)
  2 two-headed ogres (shapeshifter)
  9 fire drakes
  A shadow dragon simulacrum (Vaults:5)
  47 slime creatures
  A tengu simulacrum (Vaults:4)
  4 giant leeches
  A trapdoor spider zombie (D:11)
  2 harpy skeletons
  Prince Ribbit (D:9)
  22 two-headed ogres
  9 blink frogs
  15 jumping spiders
  An ettin zombie (Vaults:5)
  7 bog bodies
  10 raiju
  A spectral hornet (Swamp:4)
  8 boulder beetles
  A minotaur skeleton (Depths:1)
  22 ravens
  A basilisk (shapeshifter) (Vaults:2)
  A blink frog (shapeshifter) (Depths:4)
  8 basilisks
  3 redbacks (shapeshifter)
  A vampire (Depths:1)
  A spectral giant leech (Swamp:4)
  5 shadows
  47 redbacks
  A spriggan skeleton (Depths:1)
  7 ynoxinuls
  5 wraiths
  79 yaks
  27 trapdoor spiders
  A hungry ghost (D:7)
  23 deep elf magi
  25 tarantellas
  2 wyverns
  18 spriggans
  13 hippogriffs
  58 wolves
  A fire bat (shapeshifter) (Vaults:1)
  18 humans (D:12)
  32 vampire mosquitoes
  5 mottled dragons
  2 steam dragons
  2 hogs (Swamp:2)
  32 deep elf fighters
  A naga (Abyss:2)
  4 chaos spawn (Abyss:2)
  2 neqoxecs (Elf:3)
  12 wargs
  A soldier ant (Lair:2)
  20 water moccasins
  4 human zombies
  An ogre zombie (Vaults:1)
  32 swamp worms
  11 insubstantial wisps
  8 porcupines
  4 human skeletons
  An ettin simulacrum (Vaults:1)
  61 ogres
  23 spiders
  68 orc warriors
  2 ice beasts (shapeshifter) (Vaults:5)
  5 eyes of draining
  14 black bears
  4 sky beasts
  4 hell hounds (Lair:8)
  A necrophage (D:5)
  11 boggarts
  3 phantoms
  21 wasps
  An elf skeleton (Vaults:5)
  2 ice beasts
  A tengu (Lair:2)
  27 centaurs
  A fire dragon simulacrum (Abyss:2)
  21 swamp drakes
  5 boring beetles
  8 big kobolds
  18 crocodiles
  A boring beetle (shapeshifter) (Elf:1)
  30 giant frogs
  3 lost souls
  2 brain worms
  3 elf zombies (Elf:3)
  9 scorpions
  2 human simulacra
  56 killer bees
  A raiju zombie (Abyss:2)
  14 wights
  4 electric eels
  A vampire bat (Lair:1)
  7 jellies
  A goliath beetle (D:10)
  6 crimson imps
  3 giant frog zombies
  24 hounds
  41 orc wizards
  A gnoll shaman (D:6)
  3 centaur skeletons
  A giant frog skeleton (D:12)
  5 iron imps
  61 orc priests
  6 small abominations
  Natasha (thrice) (D:5)
  5 hell rats
  10 worker ants
  13 iguanas
  3 quasits
  12 sheep
  A brain worm zombie (D:15)
  Jessica (D:3)
  2 hound zombies
  An ogre skeleton (Vaults:5)
  A mummy (D:15)
  119 river rats
  26 gnolls
  A giant mite (shapeshifter) (Vaults:4)
  2 giant mites (D:5)
  5 white imps
  19 adders
  4 shadow imps
  15 worms
  9 ufetubi
  2 adder skeletons
  8 giant geckos
  An ooze (D:5)
  262 orcs
  21 bats
  A bat zombie (D:6)
  5 giant cockroaches
  27 goblins
  27 hobgoblins
  15 jackals
  19 quokkas
  A ball python (D:4)
  2 giant newts
  A giant spore (D:13)
  A jackal zombie (D:5)
  50 kobolds
  A quokka skeleton (D:6)
  12 rats
  5 ballistomycetes (D:13)
  A crawling corpse (Elf:3)
  A fungus (Swamp:3)
  5 plants
  A starspawn tentacle (Abyss:2)
  A toadstool (D:1)
3075 creatures vanquished.

Vanquished Creatures (collateral kills)
  A balrug (Depths:2)
  A spriggan air mage (Depths:2)
  A deep troll shaman (Depths:2)
  2 deep troll earth magi (Depths:2)
  2 sun demons (Depths:2)
  A deep elf priest (Elf:1)
  A deep elf fighter (Elf:1)
9 creatures vanquished.

Vanquished Creatures (others)
  A golden dragon (Depths:4)
  A stone giant (Depths:1)
  A red draconian (Zot:1)
  A komodo dragon (shapeshifter) (Depths:2)
  8 jumping spiders (Depths:2)
  A raven (Swamp:2)
  16 trapdoor spiders (Depths:2)
  11 redbacks (Depths:2)
  A yak (IceCv)
  2 spriggans (Swamp:4)
  A human (Swamp:2)
  9 chimeras
  A water moccasin (Swamp:2)
  3 wasps (Swamp:4)
  A swamp drake (Swamp:4)
  2 spiders (Depths:2)
  An ogre (Depths:2)
  A boggart (Depths:3)
  2 lost souls
  A brain worm (D:15)
  A hound (D:9)
  An orc wizard (D:4)
  A river rat (Lair:4)
  A white imp (Lair:6)
  4 fungi
  3 plants
  9 starspawn tentacles
  73 starspawn tentacle segments
  3 toadstools (D:1)
161 creatures vanquished.

Grand Total: 3245 creatures vanquished

Notes
Turn   | Place    | Note
--------------------------------------------------------------
     0 | D:1      | angrylion, the Minotaur Fighter, began the quest for the Orb.
     0 | D:1      | Reached XP level 1. HP: 19/19 MP: 1/1
   406 | D:1      | Reached XP level 2. HP: 27/27 MP: 1/1
   632 | D:2      | Reached skill level 4 in Armour
   853 | D:1      | Reached XP level 3. HP: 30/33 MP: 2/2
  1314 | D:3      | Reached skill level 1 in Dodging
  1314 | D:3      | Reached XP level 4. HP: 40/40 MP: 2/2
  1498 | D:3      | Reached skill level 1 in Throwing
  1604 | D:3      | Reached XP level 5. HP: 43/46 MP: 2/2
  1638 | D:3      | Gained mutation: You can spit poison. [potion of beneficial mutation]
  1664 | D:3      | Noticed Jessica
  1669 | D:3      | Killed Jessica
  2273 | D:4      | Noticed an ogre
  2277 | D:4      | Noticed a phantom
  2285 | D:4      | Killed an ogre
  2285 | D:4      | Reached skill level 5 in Shields
  2285 | D:4      | Reached XP level 6. HP: 41/53 MP: 3/3
  2346 | D:4      | Killed a phantom
  2487 | D:4      | Reached skill level 5 in Armour
  2524 | D:4      | Reached skill level 5 in Polearms
  2541 | D:4      | Reached skill level 5 in Fighting
  2915 | D:4      | Reached XP level 7. HP: 49/61 MP: 3/3
  3373 | D:5      | Entered Level 5 of the Dungeon
  3446 | D:5      | Noticed Blork the orc
  3448 | D:5      | Noticed Blork
  3448 | D:5      | Blork the orc changed into Blork the ooze
  3455 | D:5      | Killed Blork the ooze
  3698 | D:5      | Noticed Natasha
  3705 | D:5      | Killed Natasha
  3736 | D:5      | Noticed Natasha
  3741 | D:5      | Killed Natasha
  4116 | D:5      | Found a glowing silver altar of Zin.
  4116 | D:5      | Found an iron altar of Okawaru.
  4119 | D:5      | Became a worshipper of Warmaster Okawaru
  4177 | D:5      | Reached skill level 6 in Polearms
  4192 | D:5      | Noticed Natasha
  4194 | D:5      | Killed Natasha
  4194 | D:5      | Reached XP level 8. HP: 37/70 MP: 3/3
  4560 | D:5      | Found Coumucou's Armour Shoppe.
  4628 | D:5      | Acquired Okawaru's first power
  4628 | D:5      | Reached skill level 7 in Polearms
  6016 | D:6      | Reached XP level 9. HP: 75/79 MP: 4/4
  6251 | D:6      | Found a staircase to the Ecumenical Temple.
  6275 | D:6      | Noticed Scuka's ghost (experienced MfTm)
  6311 | D:6      | Killed Scuka's ghost
  6311 | D:6      | Reached skill level 8 in Polearms
  6949 | D:6      | Found an opulent altar of Gozag.
  7582 | D:7      | Reached skill level 9 in Polearms
  7886 | D:7      | Found a deep blue altar of Sif Muna.
  8363 | D:8      | Found a burning altar of Makhleb.
  8364 | D:8      | Found a radiant altar of Vehumet.
  8426 | D:8      | Noticed a hill giant
  8446 | D:8      | Killed a hill giant
  8446 | D:8      | Reached XP level 10. HP: 61/91 MP: 4/4
  8964 | D:9      | Noticed Prince Ribbit
  8976 | D:9      | Killed Prince Ribbit
  9009 | D:9      | Noticed Pikel
  9028 | D:9      | Killed Pikel
  9028 | D:9      | Reached skill level 10 in Polearms
  9722 | D:10     | Entered Level 10 of the Dungeon
 10089 | D:10     | Found a flagged portal.
 10096 | Bailey   | Entered a bailey
 10431 | Bailey   | Noticed an orc knight
 10447 | Bailey   | Killed an orc knight
 10447 | Bailey   | Acquired Okawaru's second power
 10447 | Bailey   | Received a gift from Okawaru
 10447 | Bailey   | Reached skill level 10 in Fighting
 10867 | D:10     | Reached XP level 11. HP: 95/99 MP: 4/4
 10953 | D:10     | Found a staircase to the Lair.
 11006 | D:10     | Reached skill level 11 in Polearms
 11006 | D:10     | Reached skill level 10 in Shields
 11516 | D:10     | Reached skill level 10 in Armour
 11554 | Lair:1   | Entered Level 1 of the Lair of Beasts
 11894 | Lair:1   | Reached skill level 1 in Evocations
 13053 | Lair:1   | Reached skill level 12 in Polearms
 13366 | Lair:1   | Noticed a four-headed hydra
 13381 | Lair:1   | Killed a four-headed hydra
 13788 | Lair:2   | Noticed an eight-headed hydra
 13800 | Lair:2   | Killed an eight-headed hydra
 13800 | Lair:2   | Received a gift from Okawaru
 13925 | Lair:2   | Noticed a six-headed hydra
 13939 | Lair:2   | Killed a six-headed hydra
 13939 | Lair:2   | Reached XP level 12. HP: 49/108 MP: 10/10
 14355 | Lair:2   | Reached skill level 5 in Throwing
 15116 | Lair:3   | Found a frozen archway.
 15138 | IceCv    | Entered an ice cave
 15548 | IceCv    | Reached skill level 13 in Polearms
 15702 | IceCv    | Received a gift from Okawaru
 15882 | IceCv    | Received a gift from Okawaru
 16267 | IceCv    | Reached XP level 13. HP: 104/118 MP: 12/12
 16468 | IceCv    | Noticed a white draconian
 16497 | IceCv    | Killed a white draconian
 17383 | Lair:3   | Reached skill level 1 in Stealth
 17395 | Lair:3   | Received a gift from Okawaru
 17619 | Lair:3   | Reached skill level 14 in Polearms
 17778 | Lair:3   | Noticed a five-headed hydra
 17795 | Lair:3   | Killed a five-headed hydra
 18644 | Lair:4   | Noticed Harold
 18916 | Lair:4   | Killed Harold
 19091 | Lair:4   | Reached skill level 15 in Polearms
 19091 | Lair:4   | Reached XP level 14. HP: 125/129 MP: 14/14
 19139 | Lair:4   | Reached skill level 5 in Dodging
 20674 | Lair:5   | Reached skill level 1 in Invocations
 22239 | Lair:6   | Found a staircase to the Swamp.
 22309 | Lair:6   | Received a gift from Okawaru
 22667 | Lair:6   | Received a gift from Okawaru
 22847 | Lair:6   | Found a hole to the Spider Nest.
 22882 | Lair:6   | Reached XP level 15. HP: 79/137 MP: 16/16
 23995 | Lair:7   | Found a staircase to the Slime Pits.
 23995 | Lair:7   | Found a viscous altar of Jiyva.
 24121 | Lair:6   | Reached skill level 16 in Polearms
 24628 | Lair:6   | Received a gift from Okawaru
 24631 | Lair:6   | Got a faintly glowing ring mail {god gift}
 24646 | Lair:6   | Identified the +5 ring mail of Graqukaj {rCorr} (Okawaru gifted it to you on level 6 of the Lair of Beasts)
 24923 | Lair:7   | Identified a scroll of acquirement
 25503 | Lair:8   | Entered Level 8 of the Lair of Beasts
 25546 | Lair:8   | Reached skill level 5 in Evocations
 26113 | Lair:7   | Reached skill level 15 in Shields
 26739 | Lair:8   | Got a faintly glowing scale mail
 26750 | Lair:8   | Identified the +1 scale mail of Restlessness {rC+ rN+++ MR-} (You found it on level 8 of the Lair of Beasts)
 26868 | Lair:8   | Noticed Rupert
 26938 | Lair:8   | Paralysed by Rupert for 5 turns
 27044 | Lair:7   | Killed Rupert
 27044 | Lair:7   | Reached skill level 15 in Fighting
 27452 | Lair:8   | Received a gift from Okawaru
 27646 | Lair:8   | Reached skill level 17 in Polearms
 28302 | D:10     | Reached XP level 16. HP: 140/149 MP: 22/22
 28683 | D:11     | Noticed Fannar
 28692 | D:11     | Killed Fannar
 28697 | D:11     | Noticed Scuka's ghost (experienced GrFi)
 28705 | D:11     | Killed Scuka's ghost
 29065 | D:10     | Noticed an unseen horror
 29067 | D:10     | Killed an unseen horror
 29742 | D:12     | Found a staircase to the Orcish Mines.
 29854 | D:12     | Found an iron altar of Okawaru.
 29941 | D:12     | Found Zaggeete's Magic Scroll Boutique.
 29950 | D:12     | Bought a scroll of blinking for 97 gold pieces
 29950 | D:12     | Bought a scroll of brand weapon for 260 gold pieces
 29950 | D:12     | Bought a scroll of immolation for 45 gold pieces
 29950 | D:12     | Bought a scroll of fear for 45 gold pieces
 29950 | D:12     | Bought a scroll of acquirement for 676 gold pieces
 29950 | D:12     | Bought a scroll of enchant weapon for 97 gold pieces
 29950 | D:12     | Bought a scroll of magic mapping for 45 gold pieces
 30993 | D:13     | Found a gate to the Vaults.
 32318 | D:14     | Found Frau's Book Emporium.
 32444 | D:14     | Received a gift from Okawaru
 32451 | D:14     | Got a slimy trident {god gift}
 32452 | D:14     | Identified the +2 trident "Bleics" {drain, rElec rPois Dex+3} (Okawaru gifted it to you on level 14 of the Dungeon)
 32710 | D:14     | Found a bloodstained altar of Trog.
 33795 | D:15     | Entered Level 15 of the Dungeon
 33836 | D:15     | Reached skill level 18 in Polearms
 33921 | D:15     | Found a labyrinth entrance.
 33927 | D:15     | Found a flickering gateway to a bazaar.
 33937 | Bazaar   | Entered a bazaar
 33951 | Bazaar   | Found Crun's Gadget Emporium.
 33973 | Bazaar   | Found Crun's Jewellery Shoppe.
 33995 | Bazaar   | Found Twapoa's General Store.
 34101 | Bazaar   | Bought the amulet of the Furies {rCorr Dex+4} for 495 gold pieces
 34156 | Lab      | Entered a labyrinth
 34633 | Lab      | Got a heavily runed crystal amulet
 34633 | Lab      | Got a heavily runed ivory ring
 34635 | Lab      | Identified the ring of Hedonism {rElec Stlth-} (You found it in a labyrinth)
 34661 | Lab      | Identified a +2 pair of boots of running (You found it in a labyrinth)
 34967 | D:15     | Reached skill level 10 in Evocations
 35015 | D:15     | Received a gift from Okawaru
 35029 | D:15     | Identified the amulet "Thees" {Ward rPois rN+ Str-5 Int+4 Dex+6 Slay+3} (You found it in a labyrinth)
 35034 | D:15     | Got a steaming shield {god gift}
 35045 | D:15     | Identified the -3 shield of Terror {rF+ MR+} (Okawaru gifted it to you on level 15 of the Dungeon)
 35432 | D:15     | Found a staircase to the Depths.
 36063 | Lair:1   | Identified a +3 rod of inaccuracy (9/9) (You found it in a labyrinth)
 36175 | Orc:1    | Entered Level 1 of the Orcish Mines
 36275 | Orc:1    | Found an iron altar of Okawaru.
 37413 | Orc:2    | Found Haafanem's Armour Shop.
 37902 | Orc:3    | Reached XP level 17. HP: 85/158 MP: 23/27
 38509 | Orc:4    | Entered Level 4 of the Orcish Mines
 38600 | Orc:4    | Found a staircase to the Elven Halls.
 38924 | Orc:2    | Bought a +2 gold dragon armour for 1380 gold pieces
 39854 | Orc:4    | Received a gift from Okawaru
 39982 | Orc:4    | Found Heynisabyn's Jewellery Shoppe.
 39984 | Orc:4    | Found Mootzomics' Antique Armour Emporium.
 39988 | Orc:4    | Found Yraor's Book Shoppe.
 39989 | Orc:4    | Found Qat Atut's Weapon Shoppe.
 40008 | Orc:4    | Bought a pair of embroidered boots for 112 gold pieces
 40425 | Swamp:1  | Entered Level 1 of the Swamp
 41147 | Swamp:2  | Noticed Nikola
 41162 | Swamp:2  | Killed Nikola
 41162 | Swamp:2  | Received a gift from Okawaru
 41309 | Swamp:2  | Noticed Kirke
 41330 | Swamp:2  | Killed Kirke
 41343 | Swamp:2  | Noticed a spectral shard shrike
 41460 | Swamp:2  | Noticed Roxanne
 41472 | Swamp:2  | Killed Roxanne
 41472 | Swamp:2  | Reached skill level 19 in Polearms
 41476 | Swamp:2  | Identified Roxanne's Disquisition on Clay (You took it off Roxanne on level 2 of the Swamp)
 41806 | Swamp:2  | Got a ring of the Octopus King
 41808 | Swamp:2  | Identified a ring of the Octopus King {rF+ AC+1 EV+1 Str+1 Int+1 Dex+1} (You found it on level 2 of the Swamp)
 41920 | Swamp:2  | Found a white marble altar of Elyvilon.
 42536 | Orc:4    | Bought a pair of shimmering boots for 237 gold pieces
 42536 | Orc:4    | Bought a pair of glowing boots for 112 gold pieces
 42549 | Orc:4    | Identified the +1 pair of boots of Hysteria {-Tele +Fly MR+ Int+4} (You bought it in a shop on level 4 of the Orcish Mines)
 44344 | Swamp:4  | Received a gift from Okawaru
 44592 | Swamp:4  | Reached skill level 15 in Armour
 44878 | Swamp:5  | Entered Level 5 of the Swamp
 45342 | Spider:1 | Entered Level 1 of the Spider Nest
 45731 | Spider:1 | Reached XP level 18. HP: 168/168 MP: 29/29
 46023 | Spider:1 | Received a gift from Okawaru
 47046 | Spider:2 | Noticed Arachne
 47065 | Spider:2 | Killed Arachne
 48830 | Spider:4 | Reached skill level 20 in Polearms
 49679 | Spider:4 | Received a gift from Okawaru
 49846 | Spider:5 | Entered Level 5 of the Spider Nest
 50019 | Spider:5 | Noticed Frances
 50034 | Spider:5 | Killed Frances
 50124 | Spider:5 | Noticed Asterion
 50144 | Spider:5 | Killed Asterion
 51026 | Spider:5 | Got a gossamer rune of Zot
 51398 | Elf:1    | Entered Level 1 of the Elven Halls
 51402 | Elf:1    | Received a gift from Okawaru
 51461 | Elf:1    | Noticed Sonja
 51462 | Elf:1    | Killed Sonja
 51679 | Elf:1    | Found Heines' Antique Weapon Shop.
 51733 | Elf:1    | Reached XP level 19. HP: 173/177 MP: 30/30
 51810 | Elf:1    | Received a gift from Okawaru
 52280 | Elf:1    | Reached skill level 5 in Invocations
 52285 | Elf:1    | Received a gift from Okawaru
 52592 | Elf:2    | Found a runed gate.
 52592 | Elf:2    | Found a runed gate.
 52593 | Elf:2    | Found a runed gate.
 52703 | Elf:2    | Received a gift from Okawaru
 52706 | Elf:2    | Got an iridescent trident {god gift}
 52712 | Elf:2    | Identified the +3 trident "Pligoto" {drain, rF+} (Okawaru gifted it to you on level 2 of the Elven Halls)
 53513 | Elf:3    | Entered Level 3 of the Elven Halls
 53869 | Elf:3    | Identified Cigotuvi's Compendium of Stolen Souls
 53957 | Elf:3    | Received a gift from Okawaru
 53957 | Elf:3    | Reached skill level 21 in Polearms
 54434 | Elf:3    | Received a gift from Okawaru
 54440 | Elf:3    | Reached skill level 10 in Throwing
 55019 | Elf:3    | Cast into the Abyss (a deep elf sorcerer)
 55409 | Abyss:2  | Reached skill level 1 in Unarmed Combat
 55740 | Abyss:2  | Received a gift from Okawaru
 55805 | Abyss:2  | Found a corrupted altar of Lugonu.
 55915 | Abyss:2  | Reached XP level 20. HP: 176/188 MP: 31/31
 56043 | Abyss:2  | Found a shimmering altar of Xom.
 56154 | Abyss:2  | Reached skill level 5 in Unarmed Combat
 56178 | Elf:3    | Escaped the Abyss
 56216 | Elf:3    | Received a gift from Okawaru
 56231 | Elf:3    | Got a scorched cloak {god gift}
 56645 | Elf:3    | Got a brightly glowing bone ring
 56660 | Elf:3    | Identified the -4 cloak of the Eight Souls {+Inv rElec Dex+2 Slay-5} (Okawaru gifted it to you on level 3 of the Elven Halls)
 56679 | Elf:3    | Identified the ring of Wibohel {Fire Contam rElec rN+ Int+3} (You took it off a deep elf demonologist on level 3 of the Elven Halls)
 56882 | Elf:3    | Got a scintillating lead amulet
 57028 | Elf:3    | Got a crude brass ring
 57160 | Elf:3    | Identified the ring of Xoirum {rPois MP+9 Str+4 Int+4 Stlth-} (You took it off a deep elf master archer on level 3 of the Elven Halls)
 57166 | Elf:3    | Identified the amulet of Pis Cuxy {+Rage Slay+5} (You took it off a deep elf high priest on level 3 of the Elven Halls)
 57286 | Elf:3    | Identified the Catalogue of Shifting Unholy Rites (You found it on level 3 of the Elven Halls)
 57337 | Elf:3    | Identified Powk's Catalogue of Warped Black Rites
 57341 | Elf:3    | Identified the Reference Book on Talismans and Dislocation
 58196 | Vaults:1 | Entered Level 1 of the Vaults
 58285 | Vaults:1 | Found Tweasufo's Distillery.
 58353 | Vaults:1 | Noticed Jorgrun
 58370 | Vaults:1 | Killed Jorgrun
 58370 | Vaults:1 | Reached skill level 22 in Polearms
 58392 | Vaults:1 | Found Xeduder's Antique Weapon Shoppe.
 58427 | Vaults:1 | Found Cupeipt's Antique Weapon Shoppe.
 58446 | Vaults:1 | Found Huaceill's Weapon Shoppe.
 58816 | Vaults:1 | Noticed Saint Roka
 58848 | Vaults:1 | Killed Saint Roka
 58848 | Vaults:1 | Received a gift from Okawaru
 59078 | Vaults:1 | Reached XP level 21. HP: 195/198 MP: 32/32
 59570 | Vaults:1 | Received a gift from Okawaru
 59642 | Vaults:1 | Found Beufo's Book Shop.
 60151 | Vaults:2 | Reached XP level 22. HP: 178/206 MP: 33/33
 60681 | Vaults:2 | Found a staircase to the Crypt.
 60681 | Vaults:2 | Found an ancient bone altar of Kikubaaqudgha.
 60682 | Vaults:2 | Found a basalt altar of Yredelemnul.
 61446 | Vaults:1 | Bought a potion of cure mutation for 455 gold pieces
 62600 | Vaults:3 | Reached skill level 23 in Polearms
 63072 | Vaults:3 | Received a gift from Okawaru
 63315 | Vaults:3 | Got an ancient cloak
 63326 | Vaults:3 | Identified the cursed -1 cloak of Dovud {+Inv rCorr Int+5} (You found it on level 3 of the Vaults)
 63653 | D:14     | Bought a manual of Polearms for 1987 gold pieces
 64813 | Vaults:4 | Received a gift from Okawaru
 65116 | Vaults:4 | Got a shimmering cloak
 65127 | Vaults:4 | Identified the +0 cloak of Stoong {+Fly Regen+} (You found it on level 4 of the Vaults)
 65957 | Vaults:4 | Reached skill level 24 in Polearms
 66396 | Vaults:5 | Entered Level 5 of the Vaults
 66596 | Vaults:4 | Reached XP level 23. HP: 189/215 MP: 33/33
 66692 | Vaults:4 | Received a gift from Okawaru
 66813 | Vaults:4 | Reached skill level 25 in Polearms
 67864 | Vaults:5 | Received a gift from Okawaru
 68045 | Vaults:4 | Reached skill level 26 in Polearms
 68706 | Vaults:5 | Paralysed by a sphinx for 3 turns
 69517 | Vaults:5 | Got a pair of transparent boots {god gift}
 69530 | Vaults:5 | Identified the +3 pair of boots "Susm" {rPois Dex+3} (Okawaru gifted it to you on level 5 of the Vaults)
 70384 | Vaults:5 | Received a gift from Okawaru
 70538 | Vaults:5 | Got a silver rune of Zot
 71009 | Vaults:5 | Got a fine golden ring
 71011 | Vaults:5 | Identified the ring "Brajom" {+/*Tele MR+ Dex-3 SInv} (You found it on level 5 of the Vaults)
 71121 | Vaults:5 | Reached skill level 27 in Polearms
 71208 | Vaults:5 | Reached XP level 24. HP: 176/226 MP: 34/34
 71446 | D:12     | Bought a scroll of identify for 26 gold pieces
 72023 | Vaults:5 | Gained mutation: You are frail (-10% HP). [a shining eye]
 72216 | Vaults:5 | Got a bloodstained quicksilver dragon armour
 72227 | Vaults:5 | Identified the quicksilver dragon armour of Vedoef {rElec rC- MR+ Regen+} (You found it on level 5 of the Vaults)
 73106 | Lair:1   | Lost mutation: You are frail (-10% HP). [potion of cure mutation]
 73106 | Lair:1   | Lost mutation: You can spit poison. [potion of cure mutation]
 73322 | Depths:1 | Entered Level 1 of the Depths
 74017 | Depths:1 | Noticed Agnes
 74036 | Depths:1 | Killed Agnes
 74224 | Depths:1 | Found a one-way gate leading to the halls of Pandemonium.
 74311 | Depths:1 | Found a gateway to Hell.
 74397 | Depths:2 | Received a gift from Okawaru
 74570 | Depths:2 | Received a gift from Okawaru
 74657 | Depths:2 | Found Freog's Distillery.
 74660 | Depths:2 | Bought a potion of curing for 45 gold pieces
 74660 | Depths:2 | Bought a potion of heal wounds for 75 gold pieces
 74660 | Depths:2 | Bought a potion of curing for 45 gold pieces
 74660 | Depths:2 | Bought a potion of curing for 45 gold pieces
 74660 | Depths:2 | Bought a potion of curing for 45 gold pieces
 74660 | Depths:2 | Bought a potion of curing for 45 gold pieces
 74660 | Depths:2 | Bought a potion of curing for 45 gold pieces
 74660 | Depths:2 | Bought 2 potions of heal wounds for 150 gold pieces
 74740 | Depths:2 | Identified the Incunabulum of Good Luck (You found it on level 2 of the Depths)
 74972 | Depths:2 | Found a magical portal.
 74991 | Depths:2 | Received a gift from Okawaru
 75019 | WizLab   | Entered The Hall of Caphod the Hellbinder
 75046 | WizLab   | Gained mutation: Your spells are a little easier to cast, but a little less powerful. [a cacodemon]
 75179 | WizLab   | Received a gift from Okawaru
 75583 | WizLab   | Found a burning altar of Makhleb.
 75628 | WizLab   | Identified the Grimoire of Warped Companions
 75663 | WizLab   | Identified Sif Muna's Compendium of Captivating Summoning
 76034 | Depths:2 | Got a twisted mottled dragon armour
 76045 | Depths:2 | Identified the +3 mottled dragon armour of Pride {rElec rC- rCorr Str+2} (You found it on level 2 of the Depths)
 76444 | Depths:2 | Found a one-way gate to the infinite horrors of the Abyss.
 76763 | Depths:2 | Noticed the Enchantress
 76805 | Depths:2 | Killed the Enchantress
 76809 | Depths:2 | Got a faerie dragon armour
 76826 | Depths:2 | Identified the +6 faerie dragon armour {rElec rC+ Int-3 SInv} (You took it off the Enchantress on level 2 of the Depths)
 77026 | Depths:3 | Received a gift from Okawaru
 77301 | Depths:3 | Found Ullos' Antique Weapon Emporium.
 77604 | Depths:3 | Received a gift from Okawaru
 77625 | Depths:3 | Got a smoking trident {god gift}
 77626 | Depths:3 | Identified the +11 trident "Ugivaef" {speed, +Blink rF+ MR+ Dex+3} (Okawaru gifted it to you on level 3 of the Depths)
 77768 | Depths:3 | Reached XP level 25. HP: 236/238 MP: 35/35
 80195 | Depths:4 | Received a gift from Okawaru
 80316 | Depths:4 | Received a gift from Okawaru
 80335 | Depths:4 | Got a pitted spear {god gift}
 80336 | Depths:4 | Identified the +4 spear "Hanygh" {drain, Contam rPois rF+ rN+ Str+3} (Okawaru gifted it to you on level 4 of the Depths)
 80505 | Depths:4 | Found a sacrificial altar of Ru.
 81002 | Depths:5 | Entered Level 5 of the Depths
 81126 | Depths:5 | Received a gift from Okawaru
 81278 | Depths:5 | Reached skill level 15 in Throwing
 81658 | Depths:5 | Found a gateway to a ziggurat.
 81745 | Depths:5 | Found a gate to the Realm of Zot.
 83229 | Swamp:5  | Got a decaying rune of Zot
 83903 | Zot:1    | Entered Level 1 of the Realm of Zot
 83903 | Zot:1    | Noticed an orb of fire
 84189 | Zot:1    | Gained mutation: You are weak. (Str -2) [an orb of fire]
 84191 | Zot:1    | Gained mutation: Armour fits poorly on your strangely shaped body. [an orb of fire]
 84195 | Zot:1    | Gained mutation: You tend to lose your temper in combat. [an orb of fire]
 84197 | Zot:1    | Gained mutation: You heal slowly when monsters are visible. [an orb of fire]
 84202 | Zot:1    | Gained mutation: You often lose your temper in combat. [an orb of fire]
 84204 | Zot:1    | Reached XP level 26. HP: 182/254 MP: 33/36
 84207 | Zot:1    | Gained mutation: You are frail (-10% HP). [an orb of fire]
 84231 | Depths:5 | Gained mutation: Your magical capacity is low (-10% MP). [an orb of fire]
 84233 | Depths:5 | Killed from afar by an orb of fire

Action                   |  1- 3 |  4- 6 |  7- 9 | 10-12 | 13-15 | 16-18 | 19-21 | 22-24 | 25-27 || total
-------------------------+-------+-------+-------+-------+-------+-------+-------+-------+-------++-------
Melee: Trident           |    83 |   172 |   606 |  1361 |  2033 |       |       |    51 |   685 ||  4991
       Demon trident     |       |       |       |       |   152 |  2305 |  1080 |  1970 |   243 ||  5750
Throw: Stone             |    27 |    46 |    56 |     2 |       |       |       |       |       ||   131
       Javelin           |       |       |     4 |     6 |     2 |    39 |    87 |   100 |    19 ||   257
       Tomahawk          |       |       |       |    65 |    94 |   305 |   198 |   186 |   134 ||   982
Invok: Heroism           |       |       |       |     1 |       |       |     1 |       |       ||     2
       Finesse           |       |       |       |       |     2 |     3 |     1 |     2 |     2 ||    10
 Abil: Spit Poison       |       |     1 |     6 |     1 |     3 |       |       |       |       ||    11
Evoke: Wand              |       |       |     1 |    49 |    38 |    54 |    92 |   116 |    22 ||   372
       Box of beasts     |       |       |       |       |       |       |     2 |    16 |       ||    18
       Sack of spiders   |       |       |       |       |       |       |       |    18 |       ||    18
  Use: Scroll            |     5 |     5 |     6 |     5 |    20 |    23 |     9 |    13 |    10 ||    96
       Potion            |     1 |     2 |       |       |     3 |     2 |     5 |     9 |     8 ||    30
 Stab: Petrified         |       |       |       |       |     1 |       |       |       |     3 ||     4
       Fleeing           |       |       |       |       |     2 |       |       |       |       ||     2
       Paralysed         |       |       |       |       |       |     4 |     8 |       |       ||    12
       Confused          |       |       |       |       |       |     1 |     1 |     3 |     2 ||     7
       Held in net/web   |       |       |       |       |       |     1 |       |       |       ||     1
       Distracted        |       |       |       |       |       |       |       |       |     1 ||     1
       Petrifying        |       |       |       |       |       |       |       |       |     1 ||     1
  Eat: Chunk             |     1 |     4 |    14 |    22 |    30 |    58 |    17 |    38 |     4 ||   188
       Beef jerky        |       |     1 |     2 |     1 |     2 |     4 |     1 |     1 |     2 ||    14
       Pizza             |       |       |     2 |       |     1 |     2 |       |     2 |     1 ||     8
       Fruit             |       |       |       |     2 |     8 |     7 |     5 |    10 |     8 ||    40
       Bread ration      |       |       |       |       |       |     1 |     1 |     1 |       ||     3
       Royal jelly       |       |       |       |       |       |     1 |     1 |     2 |       ||     4
